 Dungeon Crawl Stone Soup version 0.23-a0-182-g58cdd98 (webtiles) character file.

10279 Felrender the Carver (level 11, -18/101 HPs)
             Began as a Minotaur Fighter on Sept 21, 2018.
             Was the Champion of Okawaru.
             Demolished by a stone giant (22 damage)
             ... on level 2 of the Orcish Mines.
             The game lasted 00:29:10 (10170 turns).

Felrender the Carver (Minotaur Fighter)            Turns: 10170, Time: 00:29:10

Health: -18/101    AC: 16    Str: 24    XL:     11   Next: 34%
Magic:  0/10       EV: 15    Int:  5    God:    Okawaru [******]
Gold:   698        SH:  0    Dex: 15    Spells: 10/10 levels left

rFire    . . .     SeeInvis .   I - +2 great sword
rCold    . . .     Gourm    .   (shield currently unavailable)
rNeg     . . .     Faith    .   g - +0 plate armour
rPois    .         Spirit   +   S - +1 hat
rElec    .         Reflect  .   M - scarf {Spirit}
rCorr    +         Harm     .   R - +0 pair of gloves
MR       .....                  (no boots)
Stlth    ..........             U - amulet of magic regeneration
HPRegen  0.26/turn              k - ring of resist corrosion
MPRegen  0.37/turn              u - +2 ring of evasion

@: agile
A: retaliatory headbutt, horns 2
a: Heroism, Finesse, Renounce Religion


You were on level 2 of the Orcish Mines.
You worshipped Okawaru.
Okawaru was exalted by your worship.
You were not hungry.

You visited 2 branches of the dungeon, and saw 13 of its levels.

You collected 915 gold pieces.
You spent 217 gold pieces at shops.

Inventory:

Hand Weapons
 a - a +0 long sword
 y - a +1 dagger of venom
 I - a +2 great sword (weapon)
 J - a +4 long sword
 K - a cursed +4 halberd
Armour
 c - a +1 shield
 g - a +0 plate armour (worn)
 w - a +1 cloak
 H - the cursed +1 leather armour of Neninwa {rElec}
   (You found it on level 8 of the Dungeon)

   It insulates you from electricity.
   It has a curse placed upon it.
 M - a scarf of spirit shield (worn)
 R - a +0 pair of gloves (worn)
 S - a +1 hat (worn)
 V - a +0 troll leather armour
Jewellery
 k - a ring of resist corrosion (left hand)
 r - a cursed ring of wizardry
 u - a +2 ring of evasion (right hand)
 x - an uncursed ring of stealth {unknown}
 B - an uncursed ring of magical power
 F - an uncursed ring of flight {unknown}
 T - an uncursed amulet of rage
 U - an amulet of magic regeneration (around neck)
Wands
 C - a wand of iceblast (10)
 L - a wand of acid (16)
 Q - a wand of scattershot (6)
Scrolls
 b - 5 scrolls of remove curse
 h - a scroll of magic mapping
 l - 5 scrolls of teleportation
 n - 2 scrolls of amnesia
 o - a scroll of silence {unknown}
 q - a scroll of immolation {unknown}
 t - a scroll of random uselessness {unknown}
 A - 3 scrolls of blinking
 D - a scroll of acquirement {unknown}
 E - a scroll of fog {unknown}
 N - a scroll of noise {unknown}
Potions
 d - a potion of might
 e - 6 potions of heal wounds {unknown}
 j - a potion of degeneration {unknown}
 m - 4 potions of lignification {unknown}
 p - 4 potions of flight {unknown}
 s - a potion of invisibility {unknown}
 v - a potion of agility
 z - 2 potions of mutation {unknown}
 G - a potion of ambrosia {unknown}
 O - a potion of cancellation {unknown}
 P - 3 potions of brilliance {unknown}
Comestibles
 f - 9 rations


   Skills:
 * Level 10.9 Fighting
 + Level 13.6 Long Blades
 + Level 9.4 Armour
 + Level 2.2 Dodging
 + Level 1.1 Stealth
 + Level 9.1 Shields
 * Level 1.5 Unarmed Combat


You had 10 spell levels left.
You didn't know any spells.
Your spell library contained the following spells:

 Spells                   Type           Power        Failure   Level  Hunger
 Animate Skeleton         Necr           N/A          99%         1    ##.....
 Apportation              Tloc           #.....       99%         1    ##.....
 Confusing Touch          Hex            #.....       99%         1    ##.....
 Summon Small Mammal      Summ           #...         99%         1    ##.....


Dungeon Overview and Level Annotations

Branches:
Dungeon (11/15)            Temple (0/1) D:7             Orc (2/2) D:11
   Lair: D:8-11         Elf: Orc:2

Altars:
Elyvilon
Gozag
Kikubaaqudgha
Okawaru
Qazlal
Sif Muna
Trog
Uskayaw
Vehumet
Yredelemnul
The Shining One

Shops:
D:9 [


Innate Abilities, Weirdness & Mutations

You reflexively headbutt those who attack you in melee.
You have a pair of horns on your head.


Message History

The stone giant is lightly wounded.
You hit the stone giant but do no damage.
Your headbutt misses the stone giant.
The stone giant is lightly wounded.
The stone giant hits you but does no damage.
You slash the stone giant! You headbutt the stone giant.
The stone giant is moderately wounded.
The orc warrior closely misses you. The stone giant hits you!!
* * * LOW HITPOINT WARNING * * *
You slice the stone giant!!
The stone giant is heavily wounded.
The orc warrior misses you. The stone giant misses you.
You riposte.
You hit the stone giant but do no damage.
You headbutt the stone giant, but do no damage.
The stone giant is heavily wounded.
Your plate armour prevents you from hitting the stone giant.
You headbutt the stone giant.
The stone giant is heavily wounded.
The orc warrior barely misses you. The stone giant hits you!!
You die...

.....##...###..#.#..)##.##...#..#
......#....##..'.##'###.###)#####
......##...##..#..........#......
##.....#...#####....##'##.#....##
##.....##..##..#....#)..#.#....#.
......#.).#..'....#.[.#.)....'.
.........#..####.#####.####.#.
#......).####.(.....((.#..#.##
..........8##@####.รท)..#).'(##
...........'.C# #(.)..#..#...
..........8##o'..#.....####.##
#........####.#..#..........#
.........# #.####.#####.####
.........# +.. ...# #....+
........# ######.# #....# .......
#.# #....# .#.. .......


You could see a stone giant and an orc warrior.

Vanquished Creatures
  A two-headed ogre (Orc:2)
  The ghost of OJofSteel the Grasshopper, a novice CeWr of Okawaru (D:6)
  A centaur zombie (D:11)
  Maurice (D:9)
  A gargoyle (D:10)
  Psyche (D:8)
  4 trolls
  A wyvern (D:11)
  9 yaks
  2 hungry ghosts
  Menkaure (D:7)
  2 ice beasts
  2 sky beasts
  10 orc warriors
  7 ogres
  A black bear (D:8)
  A hornet zombie (D:10)
  A necrophage (D:9)
  A phantom (D:5)
  An eye of draining (D:11)
  5 centaurs
  A crocodile (D:9)
  2 big kobolds
  6 bullfrogs
  A wyvern zombie (D:10)
  2 gnoll sergeants
  3 wyvern skeletons
  A water moccasin zombie (D:8)
  4 wights (D:8)
  5 crimson imps
  2 bullfrog zombies
  2 hounds
  3 orc priests
  2 jellies (D:2)
  13 orc wizards
  2 bullfrog skeletons
  An iguana (D:10)
  5 worker ants
  2 worker ant zombies
  7 adders
  12 gnolls
  2 shadow imps
  11 oozes
  4 adder skeletons
  4 worms
  A dart slug (D:1)
  4 leopard geckos
  39 orcs
  8 bats
  5 giant cockroaches
  9 goblins
  10 hobgoblins
  5 quokkas
  A ball python (D:1)
  3 frilled lizards
  21 kobolds
  A leopard gecko skeleton (D:4)
  A quokka skeleton (D:9)
  10 rats
269 creatures vanquished.

Vanquished Creatures (others)
  2 fungi (D:2)
  8 toadstools (D:2)
10 creatures vanquished.

Grand Total: 279 creatures vanquished

Notes
Turn   | Place    | Note
-------+----------+-------------------------------------------
     0 | D:1      | Felrender the Minotaur Fighter began the quest for the Orb.
     0 | D:1      | Reached XP level 1. HP: 19/19 MP: 0/0
    36 | D:1      | Reached XP level 2. HP: 23/27 MP: 1/1
   300 | D:1      | Reached XP level 3. HP: 28/33 MP: 2/2
   978 | D:2      | Reached skill level 3 in Long Blades
  1203 | D:2      | Reached XP level 4. HP: 37/40 MP: 3/3
  1231 | D:2      | Reached skill level 4 in Long Blades
  1231 | D:2      | Reached skill level 5 in Shields
  1231 | D:2      | Reached XP level 5. HP: 4/46 MP: 4/4
  1680 | D:2      | Reached skill level 1 in Dodging
  2150 | D:3      | Reached XP level 6. HP: 52/53 MP: 5/5
  2183 | D:3      | Found an iron altar of Okawaru.
  2193 | D:3      | Became a worshipper of Warmaster Okawaru
  2360 | D:3      | Reached skill level 5 in Long Blades
  2909 | D:4      | Reached skill level 5 in Fighting
  2909 | D:4      | Reached skill level 5 in Armour
  3389 | D:5      | Entered Level 5 of the Dungeon
  3469 | D:5      | Noticed a sky beast
  3488 | D:5      | Killed a sky beast
  3488 | D:5      | Reached skill level 6 in Long Blades
  3488 | D:5      | Reached XP level 7. HP: 52/61 MP: 6/6
  3769 | D:5      | Reached * piety under Okawaru
  3814 | D:5      | Found a bloodstained altar of Trog.
  3820 | D:5      | Found a glowing golden altar of the Shining One.
  4462 | D:6      | Reached skill level 7 in Long Blades
  4494 | D:6      | Reached XP level 8. HP: 48/70 MP: 7/7
  4637 | D:6      | Found a radiant altar of Vehumet.
  4654 | D:6      | Found an ancient bone altar of Kikubaaqudgha.
  4664 | D:6      | Found a deep blue altar of Sif Muna.
  4690 | D:6      | Reached skill level 8 in Long Blades
  4696 | D:6      | Reached ** piety under Okawaru
  4954 | D:6      | Identified Sif Muna's Incunabulum of Creation
  5088 | D:6      | Found a runed door.
  5090 | D:6      | Noticed OJofSteel's ghost (novice CeWr)
  5107 | D:6      | Killed OJofSteel's ghost
  5213 | D:6      | Reached skill level 9 in Long Blades
  5654 | D:7      | Reached XP level 9. HP: 75/75 MP: 8/8
  5682 | D:7      | Reached *** piety under Okawaru
  5743 | D:7      | Found a staircase to the Ecumenical Temple.
  5797 | D:7      | Found a basalt altar of Yredelemnul.
  5797 | D:7      | Found a hide-covered altar of Uskayaw.
  5850 | D:7      | Noticed Menkaure
  5856 | D:7      | Killed Menkaure
  6366 | D:8      | Noticed Psyche
  6376 | D:8      | Killed Psyche
  6376 | D:8      | Reached skill level 10 in Long Blades
  6385 | D:8      | Got a fine leather armour
  6617 | D:8      | Found a stormy altar of Qazlal.
  6617 | D:8      | Found an opulent altar of Gozag.
  6618 | D:8      | Found a white marble altar of Elyvilon.
  6705 | D:8      | Reached **** piety under Okawaru
  7328 | D:9      | Reached skill level 11 in Long Blades
  7338 | D:9      | Reached XP level 10. HP: 81/88 MP: 9/9
  7528 | D:9      | Noticed Maurice
  7539 | D:9      | Killed Maurice
  7919 | D:9      | Found Mipycy's Armour Boutique.
  7928 | D:9      | Bought a +0 pair of gloves for 63 gold pieces
  7928 | D:9      | Bought a +1 hat for 154 gold pieces
  8290 | D:10     | Entered Level 10 of the Dungeon
  8383 | D:10     | Noticed a gargoyle
  8387 | D:10     | Killed a gargoyle
  8585 | D:10     | Reached ***** piety under Okawaru
  8686 | D:10     | Reached skill level 12 in Long Blades
  8950 | D:10     | Identified the cursed +1 leather armour of Neninwa {rElec}
                  | (You found it on level 8 of the Dungeon)
  9038 | D:11     | Reached skill level 10 in Fighting
  9422 | D:11     | Reached XP level 11. HP: 89/100 MP: 10/10
  9425 | D:11     | Found a staircase to the Orcish Mines.
  9434 | Orc:1    | Entered Level 1 of the Orcish Mines
  9476 | Orc:1    | Reached skill level 13 in Long Blades
  9513 | Orc:1    | Reached skill level 1 in Stealth
  9598 | Orc:2    | Entered Level 2 of the Orcish Mines
  9598 | Orc:2    | Noticed a two-headed ogre
  9630 | Orc:2    | Killed a two-headed ogre
 10112 | Orc:2    | Reached ****** piety under Okawaru
 10125 | Orc:2    | Reached skill level 1 in Unarmed Combat
 10160 | Orc:2    | Noticed a stone giant
 10168 | Orc:2    | HP: 3/101 [stone giant (28)]
 10170 | Orc:2    | Demolished by a stone giant

Vault maps used:
D:1:      moated_graveyard_arrival, minmay_misc_feat_columns, st_stairs_1
D:2:      cheibrodos_fertilizer, first_ration
D:3:      okawaru_trees_2
D:5:      nicolae_overflow_hidden_temple, lemuel_doored_altar
D:6:      palyth_temple_overflow_mages, ebering_ghost_reflecting_pool
D:7:      gammafunk_temple_overflow_wave, minmay_temple_entry_glass,
          uniq_menkaure
D:8:      gammafunk_temple_overflow_claw, grunt_decor_resistance,
          supply_closet_lemuel, uniq_psyche
D:9:      serial_shops, nicolae_shop_temple_entry_statues_fountains,
          uniq_maurice
D:11:     david_lair_generic, orc_0_dummy, hangedman_ranch
Orc:1:    minmay_orc_temple_a
Orc:2:    pubby_orc_utopia

Skill      XL: |  1  2  3  4  5  6  7  8  9 10 11 |
---------------+----------------------------------+-----
Armour         | 4 5 6 7 8 9 |  9.4
Fighting       | 4 5 6 8 10 | 10.9
Shields        | 4 5 6 7 8 9 |  9.1
Long Blades    | 3 4 6 7 9 11 12 13 | 13.6
Dodging        | 1 2 |  2.2
Stealth        | 1 |  1.1
Unarmed Combat | 1 |  1.5

Action                   |  1- 3 |  4- 6 |  7- 9 | 10-12 || total
-------------------------+-------+-------+-------+-------++-------
Melee: Long sword        |   103 |   162 |   325 |    48 ||   638
       Headbutt          |    10 |    30 |    77 |    66 ||   183
       Great sword       |       |       |       |   200 ||   200
Invok: Heroism           |       |       |       |     2 ||     2
  Use: Scroll            |       |     3 |     5 |     9 ||    17
       Potion            |       |       |     2 |     3 ||     5
  Eat: Chunk             |     1 |       |     2 |       ||     3
       Ration            |       |     3 |     5 |     6 ||    14
Armor: Scale mail        |    41 |       |       |       ||    41
       Plate armour      |       |    90 |   169 |   150 ||   409
Dodge: Dodged            |    37 |    30 |    88 |   124 ||   279
Block: Shield            |    69 |    56 |   185 |    26 ||   336
       Rpst.: Long sword |    13 |     8 |    19 |     1 ||    41
       Great sword       |       |       |       |    31 ||    31

Table legend:
 A = Non-vault XP
 B = Vault XP
 C = Vault XP percentage of total XP
 D = Non-vault monster count
 E = Vault monster count
 F = Vault count percentage of total count
                 A         B        C        D         E       F
            +---------+---------+-------+---------+---------+-------
      Total |    9503 |    5182 |  35.3 |     213 |      56 |  20.8
            +---------+---------+-------+---------+---------+-------
        D:1 |      49 |       4 |   7.5 |      26 |       2 |   7.1
        D:2 |      99 |     158 |  61.5 |      22 |      18 |  45.0
        D:3 |     144 |       0 |   0.0 |      20 |       0 |   0.0
        D:4 |     177 |       0 |   0.0 |       5 |       0 |   0.0
        D:5 |     507 |       0 |   0.0 |      14 |       0 |   0.0
        D:6 |     692 |     888 |  56.2 |      23 |       9 |  28.1
        D:7 |     249 |     172 |  40.9 |       3 |       1 |  25.0
        D:8 |    1101 |     424 |  27.8 |      25 |       1 |   3.8
        D:9 |    1701 |     457 |  21.2 |      25 |       1 |   3.8
       D:10 |    1518 |       0 |   0.0 |      15 |       0 |   0.0
       D:11 |    2694 |       0 |   0.0 |      21 |       0 |   0.0
      Orc:1 |     572 |       0 |   0.0 |      14 |       0 |   0.0
      Orc:2 |       0 |    3079 | 100.0 |       0 |      24 | 100.0
            +---------+---------+-------+---------+---------+-------
